 Dungeon Crawl Stone Soup version 0.30-a0-459-g9104f0fc43 (webtiles) character file.

Game seed: 2785431125786398379

18 LnG the Caller (level 2, -3/15 HPs)
             Began as a Kobold Summoner on Dec 15, 2022.
             Slain by a scorpion (6 damage)
             ... on level 2 of the Dungeon.
             The game lasted 00:03:37 (717 turns).

LnG the Caller (Kobold Summoner)                     Turns: 717, Time: 00:03:37

Health: -3/15      AC:  2    Str:  5    XL:     2   Next: 85%
Magic:  5/5        EV: 15    Int: 16    God:
Gold:   43         SH:  0    Dex: 15    Spells: 2/5 levels left

rFire   . . .      SeeInvis .    d - +0 dagger
rCold   . . .      Faith    .    (no shield)
rNeg    . . .      Spirit   .    h - +0 robe {Will+}
rPois   .          Reflect  .    (no helmet)
rElec   .          Harm     .    (no cloak)
rCorr   .          Rampage  .    (no gloves)
Will    +....                    (no boots)
Stlth   +++.......               (no amulet)
HPRegen 0.22/turn                (no ring)
MPRegen 0.09/turn                (no ring)

@: lethally poisoned (-3 -> -7), about to teleport, hasted, very quick
A: small, no large weapons, nightstalker 3
a: no special abilities


You were on level 2 of the Dungeon.
You visited 1 branch of the dungeon, and saw 2 of its levels.

You collected 43 gold pieces.

Inventory:

Hand Weapons
 d - a +0 dagger (weapon)
Armour
 h - a +0 robe of willpower (worn)
Scrolls
 a - 2 scrolls of identify
 c - a scroll of teleportation
 e - a scroll of immolation {unknown}
 f - a scroll of enchant weapon
 g - a scroll of poison
Potions
 b - a potion of magic


   Skills:
 * Level 2.7 Dodging
 * Level 3.1 Stealth
 + Level 2.2 Spellcasting
 + Level 4.4 Summonings


You had 2 spell levels left.
You knew the following spells:

 Your Spells              Type           Power      Damage    Failure   Level
a - Summon Small Mammal   Summ           60%        N/A       3%          1
b - Call Imp              Summ           15%        N/A       4%          2

Your spell library contained the following spells:

 Spells                   Type           Power      Damage    Failure   Level
 Call Canine Familiar     Summ           15%        N/A       10%         3
 Summon Guardian Golem    Hex/Summ       8%         N/A       24%         3
 Summon Lightning Spire   Summ/Air       8%         N/A       63%         4


Dungeon Overview and Level Annotations

Branches:
Dungeon (2/15)

Altars:


Innate Abilities, Weirdness & Mutations

You are small and have problems with some larger weapons.
You are completely attuned to the shadows.


Message History

Your bat disappears in a puff of smoke!
Your iron imp disappears in a puff of smoke!
HP restored.
You start resting.
Magic restored.
Found a scroll labelled YNLOBU ROCY.
The hobgoblin shouts!
The hobgoblin barely misses you.
You barely miss the hobgoblin. The hobgoblin hits you.
You hit the hobgoblin.
The hobgoblin is severely wounded.
The hobgoblin barely misses you.
You hit the hobgoblin.
The hobgoblin is almost dead.
The hobgoblin closely misses you.
You barely miss the hobgoblin.
The hobgoblin is almost dead.
The hobgoblin closely misses you.
You hit the hobgoblin but do no damage.
The hobgoblin is almost dead.
The scorpion misses you.
The hobgoblin hits you but does no damage.
You barely miss the hobgoblin.
The hobgoblin is almost dead.
The scorpion stings you.
You are poisoned.
The scorpion poisons you! The hobgoblin hits you.
As you read the scroll of teleportation, it crumbles to dust.
You feel strangely unstable.
You feel very sick. The scorpion barely misses you.
The hobgoblin hits you but does no damage.
* * * LOW HITPOINT WARNING * * *
You feel sick.
It was a potion of haste.
You feel yourself speed up.
* * * LOW HITPOINT WARNING * * *
You feel sick. The scorpion misses you. The hobgoblin closely misses you.
* * * LOW HITPOINT WARNING * * *
You feel sick. The scorpion stings you.
You die...

###........$...
................
######........... .
#.†........?.
#.#####............
#.#................
#...###............
#....###.....s.....
...##...##...@.g....
### ###...#########.
###.# ####.#########
............<#
#####........#
##########


You could see a scorpion and a hobgoblin.

Vanquished Creatures
  3 bats (D:1)
  3 endoplasms (D:1)
  2 goblins (D:1)
  A kobold (D:1)
  A quokka (D:1)
  2 frilled lizards (D:1)
  A rat (D:1)
13 creatures vanquished.

Vanquished Creatures (collateral kills)
  A worm (D:2)
1 creature vanquished.

Grand Total: 14 creatures vanquished

Notes
Turn   | Place    | Note
-------+----------+-------------------------------------------
     0 | D:1      | LnG the Kobold Summoner began the quest for the Orb.
     0 | D:1      | Reached XP level 1. HP: 10/10 MP: 3/3
   168 | D:1      | Reached XP level 2. HP: 15/15 MP: 5/5
   171 | D:1      | Learned a level 2 spell: Call Imp
   645 | D:2      | Noticed a scorpion
   717 | D:2      | Slain by a scorpion

Illustrated notes

Levels and vault maps discovered:
D:1:      grunt_arrival_crossed_arrows, layout_rooms
D:2:      layout_rooms, minmay_small_reverse_x

Skill      XL: |  1  2 |
---------------+-------+-----
Stealth        | 3 |  3.1
Dodging        | |  2.7
Spellcasting   | |  2.2
Summonings     | |  4.4

Action                   || total
-------------------------++-------
Melee: Dagger            ||    42
 Cast: Summon Small Mamm ||     4
       Call Imp          ||     3
  Use: Scroll            ||     4
       Potion            ||     1
 Stab: Sleeping          ||     7
Armor: Robe              ||     9
Dodge: Dodged            ||    43

Table legend: (Time is in decaauts)
 A = Elapsed time spent in this place.
 B = Non-inter-level travel time spent in this place.
 C = Inter-level travel time spent in this place.
 D = Time resting spent in this place.
 E = Time spent auto-exploring this place.
 F = Levels seen in this place.
 G = Mean time per level.
                   A        B        C        D        E       F      G
               +--------+--------+--------+--------+--------+-----+--------+
         Total |    716 |    686 |     30 |     47 |    464 |   2 |  358.0 |
       Dungeon |    716 |    686 |     30 |     47 |    464 |   2 |  358.0 |
               +--------+--------+--------+--------+--------+-----+--------+

Top non-repeatable levels by time:
     D:1: 606 daAuts
     D:2: 109 daAuts
